 Dungeon Crawl Stone Soup version 0.30-a0-4-ga7cffc901d (webtiles) character file.

Game seed: 3619148341882051941

81 Setbun the Sneak (level 4, -8/25 HPs)
             Began as a Kobold Enchanter on Aug 20, 2022.
             Killed by divine providence
             ... invoked by an orc priest
              (15 damage)
             ... on level 3 of the Dungeon.
             The game lasted 00:01:59 (3157 turns).

Setbun the Sneak (Kobold Enchanter)                 Turns: 3157, Time: 00:02:00

Health: -8/25      AC:  3    Str: 11    XL:     4   Next: 68%
Magic:  2/8        EV: 15    Int: 16    God:
Gold:   119        SH:  0    Dex: 17    Spells: 3/8 levels left

rFire   . . .      SeeInvis .    d - +1 dagger (speed)
rCold   . . .      Faith    .    (no shield)
rNeg    . . .      Spirit   .    b - +0 robe
rPois   .          Reflect  .    r - +0 helmet
rElec   .          Harm     .    (no cloak)
rCorr   .          Rampage  .    (no gloves)
Will    .....                    (no boots)
Stlth   ++++......               (no amulet)
HPRegen 0.08/turn                f - +6 ring of strength
MPRegen 0.11/turn                (no ring)

@: no status effects
A: small, no large weapons, nightstalker 3
a: no special abilities


You were on level 3 of the Dungeon.
You visited 1 branch of the dungeon, and saw 3 of its levels.

You collected 119 gold pieces.

Inventory:

Hand Weapons
 a - a +1 dagger
 d - a +1 dagger of speed (weapon)
Armour
 b - a +0 robe (worn)
 r - a +0 helmet (worn)
Jewellery
 f - a +6 ring of strength (left hand)
 t - a ring of poison resistance
Scrolls
 e - a scroll of blinking {unknown}
 k - 2 scrolls of teleportation {unknown}
 l - a scroll of identify {unknown}
 m - a scroll of immolation {unknown}
 n - a scroll of amnesia {unknown}
 o - 2 scrolls of enchant armour {unknown}
 s - a scroll of summoning {unknown}
 v - a scroll of vulnerability {unknown}
Potions
 c - 2 potions of invisibility
 g - 2 potions of brilliance {unknown}
 h - 3 potions of magic {unknown}
 i - a potion of cancellation {unknown}
 j - 4 potions of berserk rage {unknown}
 p - 2 potions of curing {unknown}
 q - a potion of heal wounds {unknown}
 u - a potion of attraction {unknown}


   Skills:
 + Level 1.3 Fighting
 * Level 3.0 Short Blades
 + Level 3.1 Dodging
 + Level 4.6 Stealth
 + Level 2.6 Spellcasting
 + Level 3.2 Hexes


You had 3 spell levels left.
You knew the following spells:

 Your Spells              Type           Power      Damage    Failure   Level
a - Ensorcelled Hibernat  Hex/Ice        14%        N/A       16%         2
b - Confusing Touch       Hex            12%        N/A       16%         3

Your spell library contained the following spells:

 Spells                   Type           Power      Damage    Failure   Level
 Tukima's Dance           Hex            12%        N/A       16%         3
 Beastly Appendage        Tmut           4%         N/A       19%         1
 Wereblood                Tmut           2%         N/A       28%         2
 Dazzling Flash           Conj/Hex       14%        N/A       30%         3
 Spider Form              Tmut/Pois      2%         N/A       50%         3


Dungeon Overview and Level Annotations

Branches:
Dungeon (3/15)

Altars:
Uskayaw

Shops:
D:1 (


Innate Abilities, Weirdness & Mutations

You are small and have problems with some larger weapons.
You are completely attuned to the shadows.


Message History

You hit the orc.
The orc is heavily wounded.
You closely miss the orc.
The orc is heavily wounded.
The orc misses you.
You hit the orc.
The orc is severely wounded.
The orc hits you with a +2 vorpal hand axe.
The orc priest shouts!
You hit the orc.
The orc is almost dead.
You hit the orc.
You kill the orc!
You hit the orc but do no damage. You closely miss the orc. The orc misses you.
You hit the orc.
The orc is severely wounded.
You hit the orc but do no damage.
The orc is severely wounded.
The orc hits you with a +0 club.
You hit the orc but do no damage.
The orc is severely wounded.
The orc priest looks encouraged for a moment.
The orc closely misses you.
You hit the orc but do no damage.
The orc is severely wounded.
You completely miss the orc.
The orc is severely wounded.
The orc priest invokes the aid of Beogh against you.
Beogh smites you!
* * * LOW HITPOINT WARNING * * *
The orc hits you but does no damage.
You hit the orc but do no damage.
The orc is severely wounded.
You closely miss the orc.
The orc is severely wounded.
The orc priest mumbles some strange prayers to Beogh against you.
Beogh smites you!
Ouch! That really hurt!
You die...

......# o....
... #.# #o#
#o# #@# #.#
#.# #.#
#.###########
#...........#
###########.#
#.# #.#


You could see an orc priest and an orc.

Vanquished Creatures
  2 adders (D:3)
  2 worms (D:2)
  A dart slug (D:2)
  6 orcs (D:3)
  4 bats
  3 endoplasms
  3 goblins
  8 hobgoblins
  A quokka (D:2)
  3 ball pythons
  3 frilled lizards
  3 kobolds (D:1)
  9 rats
  A spectral hobgoblin (D:1)
49 creatures vanquished.

Notes
Turn   | Place    | Note
-------+----------+-------------------------------------------
     0 | D:1      | Setbun the Kobold Enchanter began the quest for the Orb.
     0 | D:1      | Reached XP level 1. HP: 10/10 MP: 3/3
   232 | D:1      | Reached XP level 2. HP: 14/16 MP: 5/5
   411 | D:1      | Found Okofikaf's Antique Weapon Boutique.
   515 | D:1      | Found a faded altar of an unknown god.
   836 | D:1      | Reached XP level 3. HP: 20/20 MP: 6/6
  1048 | D:1      | Learned a level 2 spell: Ensorcelled Hibernation
  1052 | D:1      | Learned a level 3 spell: Confusing Touch
  1560 | D:2      | Found a hide-covered altar of Uskayaw.
  1891 | D:2      | Reached skill level 1 in Fighting
  2909 | D:3      | Reached XP level 4. HP: 25/25 MP: 4/7
  3157 | D:3      | Killed from afar by an orc priest

Illustrated notes

Levels and vault maps discovered:
D:1:      evilmike_arrival_rings, layout_basic, serial_shops, shop,
          dreamdust_ecumenical_altar_drowned_temple, minmay_circled_x
D:2:      layout_basic, basic_altar, dreamdust_mushroom_princess
D:3:      layout_basic

Skill      XL: |  1  2  3  4 |
---------------+-------------+-----
Short Blades   | 2 3 |  3.0
Fighting       | 1 |  1.3
Dodging        | 3 |  3.1
Stealth        | |  4.6
Spellcasting   | |  2.6
Hexes          | |  3.2

Action                   |  1- 3 |  4- 6 || total
-------------------------+-------+-------++-------
Melee: Dagger            |    78 |    43 ||   121
       Punch             |     1 |       ||     1
 Cast: Ensorcelled Hiber |     2 |     4 ||     6
 Stab: Sleeping          |    24 |     4 ||    28
Armor: Robe              |     7 |     4 ||    11
Dodge: Dodged            |    32 |    12 ||    44

Table legend: (Time is in decaauts)
 A = Elapsed time spent in this place.
 B = Non-inter-level travel time spent in this place.
 C = Inter-level travel time spent in this place.
 D = Time resting spent in this place.
 E = Time spent auto-exploring this place.
 F = Levels seen in this place.
 G = Mean time per level.
                   A        B        C        D        E       F      G
               +--------+--------+--------+--------+--------+-----+--------+
         Total |   3111 |   3003 |    108 |     61 |   2655 |   3 | 1037.0 |
       Dungeon |   3111 |   3003 |    108 |     61 |   2655 |   3 | 1037.0 |
               +--------+--------+--------+--------+--------+-----+--------+

Top non-repeatable levels by time:
     D:1: 1521 daAuts
     D:2: 1154 daAuts
     D:3: 436 daAuts
